 Dungeon Crawl Stone Soup version 0.20.1-1-g8b1a95d (webtiles) character file.

11488 equalderp2856 the Archer (level 11, -2/58 HPs)
             Began as a Spriggan Fighter on July 16, 2017.
             Slain by a manticore (5 damage)
             ... on level 11 of the Dungeon.
             The game lasted 01:38:54 (23897 turns).

equalderp2856 the Archer (Spriggan Fighter)        Turns: 23897, Time: 01:38:55

Health: -2/58      AC:  4    Str: 13    XL:     11   Next: 50%
Magic:  0/19       EV: 24    Int:  8    God:
Gold:   318        SH:  7    Dex: 16    Spells: 12/20 levels left

rFire    . . .     SeeInvis +   a - +1 rapier (flame)
rCold    . . .     Gourm    .   c - +0 buckler
rNeg     + . .     Faith    .   P - +0 robe {rN+}
rPois    .         Spirit   +   (helmet restricted)
rElec    .         Reflect  .   H - +1 cloak
rCorr    .         Harm     .   (gloves unavailable)
MR       +....                  (boots unavailable)
Stlth    +++.......             L - amulet of guardian spirit
Regen    0.2/turn               Z - -4 ring of intelligence
MPRegen  0.2/turn               (no ring)

@: very quick
A: unfitting armour, see invisible, herbivore 3, speed 3, slow metabolism 2
a: no special abilities


You were on level 11 of the Dungeon.
You were full.

You visited 1 branch of the dungeon, and saw 12 of its levels.
You also visited: Sewer.

You collected 578 gold pieces.
You spent 260 gold pieces at shops.

Inventory:

Hand Weapons
 a - a +1 rapier of flaming (weapon)
 j - a +0 hunting sling
 q - a +1 dagger of venom
 t - a +2 dagger of holy wrath
 w - a +1 long sword of holy wrath
 C - a +0 hand crossbow
 F - a +0 blowgun
 K - a +0 hand axe of electrocution
 S - a +2 dagger of speed
 U - a +3 shortbow
 Y - a +0 falchion
Missiles
 y - 96 arrows
 A - 315 stones (quivered)
 D - 3 throwing nets
 G - 4 poisoned needles
 M - 97 bolts
 V - 2 tomahawks
 X - 16 sling bullets
Armour
 b - a +0 robe
 c - a +0 buckler (worn)
 p - a +0 buckler
 r - a +0 robe
 H - a +1 cloak (worn)
 P - a +0 robe of positive energy (worn)
 T - a +0 robe
Magical Staves
 x - an uncursed staff of air
Jewellery
 L - an amulet of guardian spirit (around neck)
 Z - a -4 ring of intelligence (left hand)
Wands
 R - a wand of flame (13/48)
Scrolls
 h - 3 scrolls of identify
 i - 3 scrolls of remove curse
 k - 2 scrolls of fog
 o - a scroll of enchant armour
 s - 2 scrolls of magic mapping
 z - 4 scrolls of teleportation
 O - 3 scrolls of enchant weapon
 Q - a scroll of recharging
Potions
 d - 2 potions of might
 e - 3 potions of curing
 g - 3 potions of heal wounds
 l - a potion of mutation {unknown}
 m - a potion of cancellation {unknown}
 v - 4 potions of lignification
 I - a potion of flight
 N - a potion of haste
Books
 E - a book of Minor Magic

   Spells                             Type                      Level
   a - Magic Dart                     Conjuration                  1
   b - Blink                          Translocation                2
   c - Call Imp                       Summoning                    2
   d - Slow                           Hexes                        2
   e - Conjure Flame                  Conjuration/Fire             3
   f - Mephitic Cloud                 Conjuration/Poison/Air       3
 J - a book of Conjurations

   Spells                             Type                      Level
   a - Magic Dart                     Conjuration                  1
   b - Searing Ray                    Conjuration                  2
   c - Dazzling Spray                 Conjuration/Hexes            3
   d - Fulminant Prism                Conjuration/Hexes            4
   e - Force Lance                    Conjuration/Translocation    4
   f - Iskenderun's Mystic Blast      Conjuration                  4
Comestibles
 f - 6 bread rations


   Skills:
 + Level 6.7 Fighting
 + Level 8.9(9.0) Short Blades
 + Level 0.4(4.2) Long Blades
 + Level 0.1 Axes
 + Level 5.5(5.6) Slings
 + Level 10.3 Bows
 + Level 0.6 Crossbows
 + Level 0.8(3.0) Throwing
 + Level 8.8 Dodging
 + Level 5.5 Stealth
 + Level 3.6 Shields
 * Level 5.2 Spellcasting
 + Level 3.1 Conjurations
 * Level 5.5 Hexes


You had 12 spell levels left.
You knew the following spells:

 Your Spells              Type           Power        Failure   Level  Hunger
a - Fulminant Prism       Conj/Hex       #.........   47%         4    #####..
b - Slow                  Hex            ##......     4%          2    ##.....
c - Blink                 Tloc           N/A          45%         2    ##.....


Dungeon Overview and Level Annotations

Branches:
Dungeon (12/15)            Temple (0/1) D:5            Lair (0/6) D:10
    Orc (0/2) D:10

Altars:
Dithmenos
Makhleb
Qazlal
Ru
Trog

Shops:
D:6 %   D:9 :

Annotations:
D:10 3 exclusions
D:11 1 exclusion


Innate Abilities, Weirdness & Mutations

You are very small and have problems with some larger weapons.
You are too small for most types of armour.
You have supernaturally acute eyesight. (SInv)
You are a herbivore.
You cover ground extremely quickly.
You need consume almost no food.


Message History

You barely miss the manticore.
The manticore is moderately wounded.
The manticore bites you!! The manticore completely misses you.
The manticore claws you but does no damage.
You puncture the manticore! You burn the manticore.
The manticore is heavily wounded.
The manticore closely misses you. You block the manticore's attack.
The manticore misses you.
You hit the manticore. You burn the manticore.
The manticore is severely wounded.
You hit the manticore. You burn the manticore.
The manticore is almost dead.
The manticore completely misses you. The manticore claws you.
The manticore claws you!
Your shield prevents you from hitting the manticore.
The manticore is almost dead.
The manticore bites you!!
* * * LOW HITPOINT WARNING * * *
The manticore claws you!
You die...

.###.#####.#.#..........#
...#.........#.....####.#
##.#######.####...## #.# #### #.#
##'## ##### #.### #... #.#
##...## #...# #.##
##.#####.....## ####.#<# #.##
..............## ##.##...# #.##
...###.........####...##.#####.##
.....'.........H@................
..####.........####...##.#####...
..............## ##.###.######.#
.#######...}.## #.........##.# .#
##...## #.###.###.##.# .#
##'#########.# #.# #.##.. .#
#######......?....###.# #.##..
.###...[)....######..#...# #.##..
........[#...# #..#.### #.##..


You could see a manticore.

Vanquished Creatures
  Erolcha (D:11)
  4 two-headed ogres
  2 ugly things
  Psyche (D:10)
  2 trolls (D:11)
  2 hippogriffs (D:7)
  2 wyverns
  2 vampires
  A hungry ghost (D:9)
  Menkaure (D:7)
  3 water moccasins
  3 orc warriors
  A black bear (D:10)
  3 sky beasts
  3 ice beasts
  2 phantoms
  2 centaurs
  2 eyes of draining
  5 ogres
  A crocodile (D:10)
  6 big kobolds
  3 bullfrogs
  A gnoll sergeant (D:5)
  5 scorpions
  3 killer bees (D:9)
  4 wights
  4 crimson imps
  A quasit (D:6)
  7 hounds
  7 orc priests
  3 jellies
  2 iguanas
  20 orc wizards
  10 worker ants
  A hound skeleton (D:5)
  12 adders
  22 gnolls
  3 shadow imps
  3 oozes
  2 adder skeletons
  7 worms
  3 dart slugs
  8 leopard geckos
  39 orcs
  4 ball pythons (Sewer)
  8 bats
  8 giant cockroaches
  9 hobgoblins
  4 jackals (D:6)
  19 kobolds
  2 quokkas
  4 frilled lizards
  9 goblins
  A jackal zombie (D:5)
  14 rats
  A plant (D:10)
302 creatures vanquished.

Vanquished Creatures (others)
  A shadow imp (D:11)
  2 fungi (D:10)
3 creatures vanquished.

Grand Total: 305 creatures vanquished

Notes
Turn   | Place    | Note
-------+----------+-------------------------------------------
     0 | D:1      | equalderp2856 the Spriggan Fighter began the quest for the Orb.
     0 | D:1      | Reached XP level 1. HP: 11/11 MP: 2/2
    65 | D:1      | Reached XP level 2. HP: 12/16 MP: 3/3
   902 | D:1      | Noticed a troll
   922 | D:1      | Reached skill level 5 in Dodging
  1281 | D:2      | Reached XP level 3. HP: 17/19 MP: 4/4
  2470 | D:2      | Reached XP level 4. HP: 8/23 MP: 5/5
  2793 | D:3      | Reached skill level 1 in Stealth
  4021 | D:4      | Reached XP level 5. HP: 28/28 MP: 6/6
  4165 | D:4      | Found a glowing drain.
  4349 | Sewer    | Entered a sewer
  4636 | Sewer    | Reached XP level 6. HP: 8/32 MP: 7/7
  5119 | Sewer    | Reached skill level 5 in Short Blades
  5737 | Sewer    | Reached XP level 7. HP: 36/36 MP: 8/8
  7691 | D:4      | Reached skill level 1 in Slings
  7990 | D:5      | Entered Level 5 of the Dungeon
  8604 | D:5      | Reached XP level 8. HP: 29/42 MP: 9/9
  8851 | D:5      | Found a staircase to the Ecumenical Temple.
  9263 | D:5      | Reached skill level 1 in Bows
  9461 | D:5      | Reached skill level 2 in Bows
  9805 | D:5      | Reached skill level 3 in Bows
 10813 | D:6      | Found Kiomiub's Food Boutique.
 10975 | D:6      | Reached skill level 4 in Bows
 11153 | D:6      | Reached skill level 5 in Slings
 12173 | D:7      | Found a sacrificial altar of Ru.
 12580 | D:7      | Reached XP level 9. HP: 46/46 MP: 10/10
 12655 | D:7      | Reached skill level 5 in Bows
 12869 | D:7      | Found a stormy altar of Qazlal.
 13228 | D:7      | Noticed Menkaure
 13262 | D:7      | Killed Menkaure
 13435 | D:7      | Found a shadowy altar of Dithmenos.
 13435 | D:7      | Found a bloodstained altar of Trog.
 13436 | D:7      | Found a burning altar of Makhleb.
 13727 | D:7      | Reached skill level 5 in Fighting
 13727 | D:7      | Reached skill level 6 in Bows
 14807 | D:8      | Reached skill level 7 in Bows
 15565 | D:8      | Learned a level 4 spell: Fulminant Prism
 15748 | D:8      | Reached skill level 1 in Spellcasting
 15788 | D:8      | Noticed a two-headed ogre
 15932 | D:8      | Killed a two-headed ogre
 15932 | D:8      | Reached skill level 8 in Bows
 15932 | D:8      | Reached skill level 1 in Conjurations
 15932 | D:8      | Reached skill level 1 in Hexes
 15932 | D:8      | Reached XP level 10. HP: 49/53 MP: 11/13
 17017 | D:9      | Noticed a brown ugly thing
 17309 | D:9      | Killed a brown ugly thing
 18072 | D:9      | Noticed a two-headed ogre
 18152 | D:9      | Killed a two-headed ogre
 18152 | D:9      | Reached skill level 9 in Bows
 18451 | D:9      | Found Uschorua's Book Shoppe.
 18813 | D:9      | Reached skill level 5 in Stealth
 18923 | D:9      | Bought a book of Minor Magic for 260 gold pieces
 18974 | D:10     | Entered Level 10 of the Dungeon
 18974 | D:10     | Noticed a two-headed ogre
 19325 | D:10     | Killed a two-headed ogre
 19710 | D:10     | Found a staircase to the Orcish Mines.
 20053 | D:10     | Reached XP level 11. HP: 55/58 MP: 15/18
 20219 | D:10     | Noticed a two-headed ogre
 20355 | D:10     | Killed a two-headed ogre
 20355 | D:10     | Reached skill level 5 in Hexes
 20760 | D:10     | Found a staircase to the Lair.
 20794 | D:10     | Noticed Psyche
 20797 | D:10     | Killed Psyche
 20797 | D:10     | Reached skill level 10 in Bows
 20834 | D:10     | Learned a level 2 spell: Slow
 20837 | D:10     | Learned a level 2 spell: Blink
 21357 | D:11     | Noticed Erolcha
 21373 | D:11     | Killed Erolcha
 22246 | D:11     | Noticed a purple ugly thing
 22313 | D:11     | Reached skill level 5 in Spellcasting
 22405 | D:11     | Killed a purple ugly thing
 22969 | D:11     | You fall through a shaft!
 23057 | D:12     | Noticed a red ugly thing
 23057 | D:12     | Noticed a two-headed ogre
 23058 | D:12     | Noticed a deep elf mage
 23058 | D:12     | Noticed a deep elf mage
 23897 | D:11     | Slain by a manticore

Skill      XL: |  1  2  3  4  5  6  7  8  9 10 11 |
---------------+----------------------------------+-----
Dodging        | 5 6 7 8 |  8.8
Short Blades   | 3 4 5 7 8 |  8.9
Stealth        | 1 2 3 4 5 |  5.5
Fighting       | 3 4 5 6 |  6.7
Shields        | 3 |  3.6
Slings         | 3 5 |  5.5
Bows           | 4 8 9 10 | 10.3
Spellcasting   | 1 4 5 |  5.2
Conjurations   | 1 2 3 |  3.1
Hexes          | 1 4 5 |  5.5
Long Blades    | |  0.4
Axes           | |  0.1
Crossbows      | |  0.6
Throwing       | |  0.8

Action                   |  1- 3 |  4- 6 |  7- 9 | 10-12 || total
-------------------------+-------+-------+-------+-------++-------
Melee: Rapier            |   143 |   307 |   415 |   347 ||  1212
       War axe           |       |       |     7 |    36 ||    43
       Long sword        |       |       |     1 |       ||     1
       Dagger            |       |       |     9 |       ||     9
 Fire: Hunting sling     |       |       |   124 |    68 ||   192
       Hand crossbow     |       |       |     3 |       ||     3
       Shortbow          |       |       |   284 |   239 ||   523
       Blowgun           |       |       |     1 |       ||     1
Throw: Stone             |       |    14 |       |       ||    14
  Use: Potion            |       |     4 |     1 |     2 ||     7
       Scroll            |       |     5 |    10 |     8 ||    23
 Stab: Sleeping          |     1 |       |     5 |     8 ||    14
  Eat: Bread ration      |       |     1 |     1 |     1 ||     3
       Royal jelly       |       |     1 |     1 |     1 ||     3
Armor: Robe              |     6 |    10 |    27 |    18 ||    61
Dodge: Dodged            |   123 |   183 |   443 |   263 ||  1012
Block: Buckler           |    61 |    76 |    57 |    45 ||   239
       Rpst.: Long sword |       |       |     1 |       ||     1
